Map: Dusk Towers

Players

Crowbar

  • Race: Zerg Zerg
  • League: Grandmaster

Senin - Winner!

  • Race: Zerg Zerg
  • League: Grandmaster

Event: Gauntlet LotV Series 1 Qualifier 2

VOD

Have the link to the VOD?

Description

Time

  • Played on: Dec. 5, 2015, 1:34 p.m.
  • Length: 19:32

All games in this series

Show
View Real Time Build Order
Export as new Build Order

Crowbar Zerg 

Build Orders: Hatch First, Lurkers 

Get SALT Encoding   

  12  0:00  Drone  
  13  0:12  Overlord  
  13  0:17  Drone  
  14  0:30  Drone x2  
  16  0:49  Hatchery  
  15  0:52  Drone  
  15  0:54  Drone  
  17  1:03  Extractor  
  16  1:12  Spawning Pool  
  16  1:14  Drone  
  16  1:18  Drone  
  17  1:21  Drone  
  18  1:36  Drone  
  19  1:47  Overlord  
  19  1:59  Queen  
  19  2:00  Zergling x2  
  22  2:02  Queen  
  22  2:04  Metabolic Boost  
  22  2:07  Drone  
  25  2:10  Drone  
  25  2:14  Drone  
  27  2:16  Drone  
  27  2:21  Drone  
  29  2:30  Drone  
  29  2:35  Drone x2  
  32  2:45  Hatchery  
  32  2:49  Drone  
  32  2:56  Roach Warren  
  31  3:00  Drone x2  
  31  3:04  Overlord  
  33  3:09  Overlord  
  34  3:20  Zergling x6  
  36  3:28  Drone x2  
  36  3:31  Lair  
  37  3:35  Drone x3  
  40  3:44  Queen  
  40  3:46  Drone x2  
  40  3:47  Evolution Chamber  
  43  3:51  Drone  
  43  3:52  Drone x2  
  46  3:56  Drone  
  46  3:58  Extractor  
  46  4:00  Extractor  
  44  4:11  Drone x4  
  48  4:21  Zerg Missile Weapons Level 1  
  48  4:23  Drone x4  
  52  4:26  Overlord  
  52  4:27  Overlord  
  52  4:30  Glial Reconstitution  
  52  4:37  Roach x3  
  57  4:41  Overlord  
  57  4:42  Overlord  
  56  4:46  Baneling Nest  
  56  4:48  Overseer  
  55  4:53  Roach  
  55  4:54  Roach x3  
  65  5:00  Roach x2  
  67  5:12  Roach  
  67  5:13  Roach x4  
  77  5:20  Zergling x10  
  82  5:25  Extractor  
  82  5:27  Hydralisk Den, Zergling x8  
  84  5:32  Drone x3  
  87  5:41  Drone x3  
  90  5:49  Overlord  
  90  5:50  Overlord  
  90  5:52  Pneumatized Carapace  
  85  6:00  Baneling x4  
  85  6:03  Zergling x14  
  85  6:14  Drone x3  
  86  6:23  Drone x2  
  77  6:26  Drone, Muscular Augments  
  77  6:32  Roach  
  76  6:33  Hydralisk x2, Roach x2  
  76  6:37  Spore Crawler  
  76  6:38  Spore Crawler  
  76  6:39  Spore Crawler  
  73  6:41  Spore Crawler  
  73  6:44  Hydralisk  
  73  6:45  Hydralisk x2  
  75  6:50  Overlord  
  75  6:52  Spore Crawler  
  73  6:54  Drone x2  
  73  6:55  Drone, Spore Crawler  
  73  7:02  Hydralisk x2  
  73  7:03  Infestation Pit  
  76  7:12  Drone x3  
  76  7:13  Drone  
  79  7:17  Overlord  
  79  7:22  Drone x2  
  81  7:24  Drone x2  
  81  7:25  Drone  
  81  7:27  Roach x3  
  90  7:39  Drone  
  90  7:40  Drone x2  
  90  7:41  Pathogen Glands  
  90  7:42  Extractor  
  90  7:43  Extractor  
  88  7:46  Lurker Den  
  88  7:53  Extractor  
  88  7:55  Zerg Missile Weapons Level 2  
  88  7:56  Drone  
  86  8:00  Drone x3  
  86  8:02  Spore Crawler  
  88  8:06  Drone x3  
  91  8:18  Hydralisk x3  
  97  8:31  Overlord x2, Extractor  
  97  8:32  Overlord x2  
  96  8:40  Infestor  
  98  8:42  Overlord x2  
  98  8:55  Drone  
  98  8:56  Drone x2  
  98  8:57  Drone x3  
  98  9:02  Infestor x3  
  110  9:03  Spore Crawler  
  110  9:08  Drone x3  
  112  9:11  Roach x7  
  112  9:14  Lurker  
  127  9:18  Lurker  
  127  9:21  Queen  
  127  9:23  Queen x2  
  134  9:42  Overlord x2  
  134  9:49  Lurker x2  
  134  9:50  Hydralisk x5  
  146  10:00  Queen  
  146  10:01  Hatchery  
  147  10:12  Overlord x2  
  147  10:16  Zerg Ground Armor Level 1  
  147  10:18  Roach x7  
  161  10:27  Hive  
  161  10:31  Lurker x2  
  163  10:45  Overlord  
  163  10:46  Overlord x2  
  163  10:50  Roach x3  
  125  11:04  Roach x11  
  125  11:05  Roach  
  133  11:13  Hydralisk  
  133  11:14  Hydralisk  
  131  11:23  Queen  
  131  11:24  Drone x5  
  130  11:29  Hydralisk x3  
  136  11:35  Hydralisk x2  
  140  11:43  Hydralisk x3  
  144  11:48  Spore Crawler  
  144  11:49  Spine Crawler  
  144  11:50  Spore Crawler  
  144  11:51  Spine Crawler  
  144  11:53  Overseer x2  
  140  12:01  Lurker, Hydralisk x6  
  138  12:02  Hydralisk x2  
  154  12:13  Roach x4  
  154  12:14  Roach  
  118  12:24  Roach  
  118  12:25  Roach x3  
  101  12:30  Roach  
  85  12:41  Drone x11  
  85  12:43  Lurker  
  97  12:49  Lurker  
  97  12:50  Lurker  
  99  13:01  Lurker x2  
  101  13:15  Roach  
  101  13:16  Roach x5  
  113  13:31  Roach x7  
  127  13:38  Drone  
  128  13:45  Spine Crawler  
  128  13:47  Lurker  
  130  13:48  Roach  
  130  13:49  Roach x3  
  132  14:01  Extractor  
  132  14:02  Roach x5, Extractor  
  140  14:19  Lurker  
  140  14:20  Lurker  
  140  14:21  Roach x2  
  140  14:22  Roach  
  143  14:41  Drone  
  143  14:42  Drone x2  
  144  14:46  Roach x12  
  168  14:55  Lurker  
  168  14:56  Drone  
  168  14:57  Drone x2  
  168  14:58  Drone x2  
  172  15:00  Queen  
  171  15:17  Roach  
  171  15:18  Roach x8  
  189  15:26  Hydralisk x2  
  193  15:43  Hydralisk x3  
  193  15:45  Drone  
  188  16:10  Roach x3  
  187  16:29  Lurker x5  
  174  17:07  Roach x9  
  192  17:08  Overlord  
  192  17:09  Overlord x2  
  192  17:12  Spire  
  175  17:25  Hydralisk  
  175  17:26  Hydralisk x4  
  175  17:28  Hatchery  
  182  17:42  Overlord x2  
  134  18:31  Corruptor  
  134  18:32  Corruptor x7  
  121  18:54  Lurker x3  
  120  19:05  Roach x8  
  108  19:12  Roach x2  
Show
View Real Time Build Order
Export as new Build Order

Senin Zerg - Winner!

Build Orders: Hatch First, Muta Ling Bane 

Get SALT Encoding   

  12  0:01  Drone  
  13  0:12  Overlord  
  13  0:17  Drone  
  14  0:30  Drone x2  
  14  0:34  Drone  
  17  0:52  Hatchery  
  17  0:54  Drone  
  17  0:58  Drone  
  18  1:11  Spawning Pool  
  17  1:14  Drone  
  17  1:17  Drone  
  19  1:26  Extractor  
  19  1:27  Drone  
  19  1:38  Overlord  
  19  1:50  Drone  
  20  1:59  Queen  
  20  2:00  Drone  
  23  2:04  Queen  
  23  2:05  Drone  
  26  2:10  Drone  
  26  2:14  Zergling x2  
  28  2:21  Drone  
  29  2:25  Drone  
  30  2:32  Drone  
  30  2:35  Queen  
  33  2:39  Hatchery  
  33  2:44  Drone x2  
  33  2:50  Baneling Nest  
  33  2:52  Zergling x2  
  33  2:55  Zergling x2  
  34  2:59  Overlord  
  34  3:05  Drone  
  35  3:11  Overlord  
  35  3:17  Drone x3  
  35  3:18  Drone x2  
  35  3:19  Drone  
  41  3:22  Drone  
  42  3:31  Spine Crawler  
  41  3:34  Lair  
  41  3:36  Baneling x2  
  41  3:37  Extractor  
  41  3:39  Drone  
  41  3:42  Drone  
  41  3:43  Drone, Extractor  
  41  3:46  Drone  
  41  3:47  Zergling x2  
  44  3:50  Zergling x4  
  44  3:54  Zergling x4  
  48  3:56  Zergling x2  
  49  4:06  Drone  
  49  4:07  Drone x4  
  54  4:14  Overlord  
  54  4:18  Drone x4  
  54  4:23  Drone, Extractor  
  58  4:26  Metabolic Boost  
  58  4:32  Overlord  
  57  4:38  Spire  
  57  4:41  Overlord  
  57  4:42  Overlord  
  57  4:43  Drone  
  57  4:45  Drone  
  58  4:46  Drone  
  58  4:48  Drone  
  58  4:49  Drone  
  58  4:51  Drone  
  62  4:55  Drone x2  
  62  4:58  Drone x2  
  66  5:02  Overlord  
  66  5:04  Overlord  
  66  5:09  Overlord  
  66  5:19  Zergling x16  
  74  5:29  Spine Crawler  
  74  5:31  Spine Crawler  
  71  5:52  Mutalisk  
  71  5:53  Mutalisk x7  
  71  5:56  Mutalisk  
  81  5:58  Zergling x6  
  81  6:01  Zergling x10  
  88  6:08  Mutalisk  
  88  6:10  Zergling x6  
  85  6:21  Zergling x10  
  85  6:23  Queen  
  84  6:27  Zerg Flyer Weapons Level 1  
  84  6:30  Drone x5  
  84  6:32  Drone x3  
  85  6:34  Drone  
  85  6:38  Drone  
  85  6:39  Drone  
  88  6:43  Drone  
  87  6:48  Evolution Chamber  
  87  6:49  Drone x2  
  87  6:50  Evolution Chamber  
  87  6:57  Extractor  
  87  6:58  Roach Warren  
  87  6:59  Drone x4  
  89  7:02  Drone  
  89  7:03  Drone x2  
  92  7:11  Overlord x3  
  92  7:19  Hatchery  
  92  7:22  Zerg Missile Weapons Level 1  
  91  7:26  Zerg Ground Armor Level 1  
  91  7:32  Overlord x2  
  91  7:35  Drone x3  
  91  7:36  Drone  
  95  7:47  Glial Reconstitution  
  95  7:49  Roach  
  95  7:50  Roach x6  
  109  7:51  Roach  
  109  7:57  Roach x3  
  115  7:59  Centrifical Hooks  
  115  8:04  Roach x2  
  119  8:06  Roach  
  119  8:09  Roach x2  
  125  8:13  Roach x2  
  129  8:22  Roach x6  
  141  8:27  Roach  
  141  8:28  Roach  
  141  8:30  Overlord x2  
  145  8:34  Zerg Flyer Weapons Level 2  
  145  8:37  Queen  
  145  8:40  Roach  
  149  8:42  Roach  
  149  8:48  Overlord x3  
  151  8:51  Overlord  
  151  8:55  Roach x3  
  157  8:59  Roach x3  
  163  9:04  Roach x2  
  163  9:06  Overlord  
  163  9:07  Overlord  
  167  9:16  Zerg Missile Weapons Level 2  
  167  9:20  Zerg Ground Armor Level 2  
  167  9:23  Roach x4  
  175  9:27  Roach  
  175  9:28  Roach x2  
  175  9:30  Roach  
  183  9:39  Roach x6  
  183  9:42  Roach  
  183  9:43  Roach  
  199  9:57  Baneling x11  
  197  10:21  Spine Crawler x2  
  197  10:22  Spine Crawler  
  197  10:23  Spine Crawler x3  
  186  11:00  Pneumatized Carapace  
  186  11:01  Roach x10  
  186  11:02  Roach x15  
  148  11:14  Roach  
  148  11:15  Roach x14  
  168  11:23  Overseer x3  
  162  11:27  Roach x3  
  166  11:37  Overseer  
  166  11:39  Roach x4  
  174  11:42  Roach x2  
  178  11:51  Roach x2  
  178  11:52  Roach x3  
  158  12:18  Roach x7  
  158  12:19  Roach x6  
  164  12:29  Roach  
  142  12:35  Roach  
  142  12:36  Roach x2  
  134  12:39  Roach  
  134  12:42  Roach  
  134  12:43  Roach x2  
  136  12:46  Extractor  
  136  12:51  Roach  
  137  12:53  Roach x3  
  137  12:55  Ravager  
  137  12:56  Ravager  
  137  12:57  Ravager  
  146  13:00  Hatchery, Drone x2  
  146  13:01  Drone, Roach  
  146  13:02  Roach x3  
  156  13:11  Extractor  
  156  13:12  Drone x2  
  157  13:13  Drone x7  
  157  13:18  Roach  
  166  13:29  Drone x2  
  166  13:30  Drone, Extractor  
  166  13:32  Roach  
  166  13:33  Roach x8  
  186  13:36  Ravager x2  
  186  13:37  Ravager  
  186  13:40  Roach x3  
  195  13:42  Roach  
  195  13:46  Drone x3  
  200  13:56  Infestation Pit  
  199  14:47  Hive  
  199  14:53  Spine Crawler  
  199  14:55  Spine Crawler x3  
  195  15:04  Roach x2  
  195  15:05  Spine Crawler x2  
  195  15:06  Spine Crawler x2  
  195  15:07  Spore Crawler  
  195  15:08  Spore Crawler, Extractor  
  195  15:09  Spore Crawler  
  185  15:25  Ravager x4  
  185  15:26  Ravager x3  
  185  15:27  Roach x4  
  197  16:00  Spine Crawler  
  197  16:03  Greater Spire  
  187  16:27  Corruptor  
  187  16:28  Corruptor x7  
  189  16:35  Queen  
  189  16:36  Spore Crawler  
  189  16:38  Spine Crawler  
  189  17:02  Overseer  
  185  17:12  Extractor  
  182  17:16  Brood Lord x8  
  182  17:19  Hatchery  
  182  17:21  Roach  
  192  18:00  Drone x5  
  192  18:01  Drone x3  
  163  18:06  Roach  
  163  18:07  Roach x22  
  163  18:09  Roach x5  
  189  18:17  Roach x4  
  189  18:18  Roach x2  
  193  18:46  Roach x5  
Tags
 
Add a new tag
Caveats
  • Supply blocks, unpowered buildings, or Contaminate may cause inaccurate times.
  • Supply counts are checked every 10 seconds.